 Dungeon Crawl Stone Soup version 0.31-a0-675-g238779eb0a (webtiles) character file.

Game seed: 10281271955188833444

15619 qw the Marksgargoyle (level 12, -10/77 HPs)
             Began as a Gargoyle Hunter on Sept 5, 2023.
             Was an Elder of Okawaru.
             Mangled by a polar bear (17 damage)
             ... on level 11 of the Dungeon.
             The game lasted 00:06:32 (9371 turns).

qw the Marksgargoyle (Gargoyle Hunter)              Turns: 9371, Time: 00:06:33

Health: -10/77     AC: 17    Str: 17    XL:     12   Next: 28%
Magic:  15/16      EV: 17    Int:  9    God:    Okawaru [****..]
Gold:   673        SH:  0    Dex: 17    Spells: 11/11 levels left

rFire   . . .        Y - +2 orcbow (flame)
rCold   + . .        (shield currently unavailable)
rNeg    + . .        h - +0 troll leather armour
rPois   inf          o - +2 helmet of Midnight {*Slow rCorr Slay-4 SInv}
rElec   +            (no cloak)
rCorr   +            (no gloves)
SInv    +            j - +0 pair of boots
Will    .....        (no amulet)
Stlth   +++          d - ring of protection from cold
HPRegen 1.12/turn    (no ring)
MPRegen 0.15/turn

%: slow self (1%)
@: heroic
A: sickness immunity, AC +8, negative energy resistance 1, electricity
resistance, torment resistance 1, petrification resistance
a: Renounce Religion, Heroism, Finesse


You were on level 11 of the Dungeon.
You worshipped Okawaru.
Okawaru was greatly pleased with you.
You visited 1 branch of the dungeon, and saw 11 of its levels.

You collected 673 gold pieces.


Innate Abilities, Weirdness & Mutations

You are immune to sickness and miasma.
Your stone body is resilient. (AC +8)
You are immune to poison.
You resist negative energy. (rN+)
You are resistant to electric shocks. (rElec)
You are resistant to unholy torment.
You are immune to petrification.


   Skills:
 - Level 10.0(15.0) Fighting
 + Level 15.9(20.9) Ranged Weapons
 - Level 3.0(8.0) Armour
 - Level 5.0(10.0) Dodging
 - Level 1.1(6.1) Stealth
 + Level 5.5 Invocations


You had 11 spell levels left.
You didn't know any spells.
Your spell library was empty.

Inventory:

Hand Weapons
 f - the +5 orcbow "Uwahie" {antimagic, rF+ Dex+3}
   (You acquired it on level 2 of the Dungeon)

   Dex+3:     It affects your dexterity (+3).
   rF+:       It protects you from fire.
 Y - a +2 orcbow of flaming (weapon)
Armour
 h - a +0 troll leather armour (worn)
 j - a +0 pair of boots (worn)
 o - the +2 helmet of Midnight (worn) {*Slow rCorr Slay-4 SInv}
   (You acquired it on level 4 of the Dungeon)

   Slay-4:    It affects your accuracy & damage with ranged weapons and melee
   (-4).
   SInv:      It lets you see invisible.
   rCorr:     It protects you from acid and corrosion.
   *Slow:     It may slow you when you take damage.
Jewellery
 d - a ring of protection from cold (left hand)
 e - a ring of ice
 l - an amulet of reflection
Wands
 k - a wand of digging (6)
Scrolls
 m - 2 scrolls of identify
 q - a scroll of vulnerability {unknown}
Potions
 a - a potion of might
 b - a potion of curing
 c - a potion of mutation
 g - a potion of resistance
 i - a potion of haste {unknown}
 n - a potion of berserk rage {unknown}
 p - a potion of cancellation {unknown}
 r - a potion of invisibility {unknown}

Dungeon Overview and Level Annotations

Branches:
Dungeon (11/15)            Temple (0/1) D:6            Lair (0/5) D:11
    Orc (0/2) D:11

Altars:
Ashenzari
Cheibriados
Elyvilon
Fedhas
Gozag
Okawaru
Qazlal
Vehumet

Shops:
D:11 ::

Annotations:
D:7 1 runed translucent door, Crazy Yiuf
D:8 exclusion: 3 howler monkeys


Message History

The arrow hits the polar bear but does no damage.
You shoot an arrow.
The arrow closely misses the polar bear.
The polar bear barely misses you. The polar bear closely misses you.
The polar bear claws you.
You shoot an arrow. The arrow hits the polar bear!
The arrow burns the polar bear.
The polar bear is moderately wounded.
The polar bear bites you. The polar bear barely misses you.
The polar bear completely misses you.
You shoot an arrow. The arrow barely misses the polar bear.
The polar bear bites you!
The polar bear claws you but does no damage. x2
You shoot an arrow.
The arrow hits the polar bear but does no damage.
The polar bear is moderately wounded.
You shoot an arrow. The arrow hits the polar bear.
The arrow burns the polar bear.
The polar bear is moderately wounded.
The polar bear barely misses you. The polar bear misses you.
The polar bear barely misses you.
You shoot an arrow. The arrow hits the polar bear!
The arrow burns the polar bear.
The polar bear is heavily wounded.
The polar bear bites you!
The polar bear claws you but does no damage.
The polar bear claws you.
You shoot an arrow.
The arrow closely misses the polar bear.
You shoot an arrow. The arrow hits the polar bear!
The arrow burns the polar bear.
The polar bear is severely wounded.
The polar bear goes berserk!
You shoot an arrow.
The arrow completely misses the polar bear.
The polar bear barely misses you.
The polar bear claws you but does no damage. x2
You shoot an arrow. The arrow barely misses the polar bear.
The polar bear bites you!
You die...

##..#####. #........
#......## #......# .
#......# ~~~ ###.#..#
~~~~# #.##.##
.~~~$.#############.##.##
.~~~.%%h@................
.~~~..###........###.##.#
.~~~. #........###.##..
.~~~ ########..##.###.
~~~ ##....#### ~~
##....... ~ ##..##...
#..###... #.## ##.>


You could see a polar bear (berserk).

Vanquished Creatures
  Erica (D:8)
  3 two-headed ogres
  A deep elf pyromancer (D:9)
  An elephant (D:11)
  An unseen horror (D:6)
  A rime drake (D:11)
  An ice devil (D:11)
  4 trolls
  2 polar bears (D:11)
  Grinder (D:5)
  3 wyverns
  Sigmund (D:6)
  A vampire (D:9)
  A basilisk (D:11)
  14 yaks
  A steam dragon (D:10)
  Menkaure (D:5)
  A harpy simulacrum (D:11)
  Edmund (D:4)
  An acid dragon (D:11)
  2 water moccasins
  9 orc warriors
  A sky beast (D:7)
  3 ogres
  3 black bears
  3 ice beasts
  5 centaurs
  9 kobold brigands
  3 gnoll sergeants (D:11)
  5 scorpions
  3 bullfrogs
  A two-headed ogre simulacrum (D:11)
  13 wights
  6 killer bees (D:10)
  An electric eel (D:8)
  8 howler monkeys
  A jelly (D:4)
  11 orc priests
  6 hounds
  2 gnoll boudas
  3 iguanas
  Ijyb (D:4)
  24 orc wizards
  9 adders
  15 gnolls
  4 shadow imps
  3 white imps
  2 ufetubi
  2 worms (D:2)
  A dart slug (D:1)
  53 orcs
  5 bats
  9 endoplasms
  3 giant cockroaches (D:4)
  19 goblins
  3 hobgoblins
  4 jackals (D:3)
  29 kobolds
  2 quokkas
  8 ball pythons
  3 frilled lizards
  3 rats (D:1)
341 creatures vanquished.

Vanquished Creatures (others)
  A rime drake (D:11)
1 creature vanquished.

Grand Total: 342 creatures vanquished

Notes
Turn   | Place    | Note
-------+----------+-------------------------------------------
     0 | D:1      | qw the Gargoyle Hunter began the quest for the Orb.
     0 | D:1      | Reached XP level 1. HP: 12/12 MP: 1/1
     0 | D:1      | 0 ||| qw: Version: 0.3-a-75-g829b12e
     0 | D:1      | 0 ||| qw: Game counter: 78
     0 | D:1      | 0 ||| qw: Melee chars always use a shield: true
     0 | D:1      | 0 ||| qw: God list: Okawaru
     0 | D:1      | 0 ||| qw: Allow faded altars: false
     0 | D:1      | 0 ||| qw: Do Orc after clearing Dungeon:15 true
     0 | D:1      | 0 ||| qw: Do second Lair branch before Depths: true
     0 | D:1      | 0 ||| qw: Lair rune preference: random
     0 | D:1      | 0 ||| qw: Goals: Normal
     0 | D:1      | 0 ||| PLANNING D:1-11
   147 | D:1      | Reached XP level 2. HP: 17/17 MP: 2/2
   349 | D:1      | Reached XP level 3. HP: 21/21 MP: 3/3
   365 | D:1      | Reached skill level 5 in Ranged Weapons
   484 | D:1      | 484 ||| READING scroll labelled ZUOSOJ NAKHLIFEKK.
   485 | D:1      | 485 ||| DROPPING scroll of butterflies.
   924 | D:2      | Reached skill level 3 in Fighting
   924 | D:2      | Reached XP level 4. HP: 28/28 MP: 4/4
   944 | D:2      | 944 ||| UPGRADING to ring of protection from cold.
   945 | D:2      | 945 ||| READING scroll labelled WIEJUL BEISHRA.
   949 | D:2      | 949 ||| READING scroll labelled ANUONNUOPTAI.
   949 | D:2      | Identified a scroll of acquirement
   949 | D:2      | 949 ||| ACQUIRING +5 orcbow "Uwahie" {antimagic, rF+ Dex+3}
   949 | D:2      | Acquired the +5 orcbow "Uwahie" {antimagic, rF+ Dex+3}
   951 | D:2      | 951 ||| SWAPPING to +5 orcbow "Uwahie" {antimagic, rF+
                  | Dex+3}.
   952 | D:2      | 952 ||| DROPPING +0 shortbow.
   953 | D:2      | 953 ||| READING scroll labelled HOUMUMUOCK.
   954 | D:2      | 954 ||| DRINKING 2 lumpy orange potions.
  1000 | D:3      | Found a faded altar of an unknown god.
  1024 | D:3      | Reached XP level 5. HP: 21/32 MP: 1/5
  1155 | D:3      | Reached skill level 6 in Ranged Weapons
  1331 | D:3      | Reached XP level 6. HP: 38/38 MP: 2/6
  1426 | D:3      | 1426 ||| UPGRADING to +0 ring mail.
  1436 | D:3      | 1436 ||| DROPPING +0 leather armour.
  1437 | D:3      | 1437 ||| DRINKING 2 sedimented inky potions.
  1438 | D:3      | 1438 ||| DROPPING potion of degeneration.
  1460 | D:4      | Noticed Edmund
  1461 | D:4      | 1461 ||| STAIRDANCE
  1475 | D:4      | Killed Edmund
  1476 | D:4      | Reached skill level 3 in Armour
  1476 | D:4      | 1476 ||| STAIRDANCE
  1951 | D:4      | Reached XP level 7. HP: 43/43 MP: 2/7
  1962 | D:4      | 1962 ||| FLEEEEING.
  1963 | D:4      | 1963 ||| FLEEEEING.
  1964 | D:4      | 1964 ||| FLEEEEING.
  1965 | D:4      | 1965 ||| FLEEEEING.
  1966 | D:4      | 1966 ||| FLEEEEING.
  1967 | D:4      | 1967 ||| FLEEEEING.
  1968 | D:4      | 1968 ||| FLEEEEING.
  1969 | D:4      | 1969 ||| FLEEEEING.
  1970 | D:4      | 1970 ||| FLEEEEING.
  1971 | D:4      | 1971 ||| FLEEEEING.
  1972 | D:4      | 1972 ||| FLEEEEING.
  1973 | D:4      | 1973 ||| FLEEEEING.
  1974 | D:4      | 1974 ||| FLEEEEING.
  1975 | D:4      | 1975 ||| FLEEEEING.
  1976 | D:4      | 1976 ||| FLEEEEING.
  1977 | D:4      | 1977 ||| FLEEEEING.
  1979 | D:4      | 1979 ||| FLEEEEING.
  1980 | D:4      | 1980 ||| FLEEEEING.
  1981 | D:4      | 1981 ||| FLEEEEING.
  1982 | D:4      | 1982 ||| FLEEEEING.
  1983 | D:4      | 1983 ||| FLEEEEING.
  1984 | D:4      | 1984 ||| FLEEEEING.
  2061 | D:4      | Reached skill level 7 in Ranged Weapons
  2282 | D:4      | Noticed Ijyb
  2284 | D:4      | 2284 ||| FLEEEEING.
  2285 | D:4      | 2285 ||| FLEEEEING.
  2286 | D:4      | 2286 ||| FLEEEEING.
  2291 | D:4      | 2291 ||| FLEEEEING.
  2292 | D:4      | 2292 ||| FLEEEEING.
  2293 | D:4      | 2293 ||| FLEEEEING.
  2310 | D:4      | Killed Ijyb
  2311 | D:4      | Reached skill level 8 in Ranged Weapons
  2518 | D:4      | 2518 ||| READING scroll of acquirement.
  2518 | D:4      | 2518 ||| ACQUIRING +2 helmet of Midnight {*Slow rCorr
                  | Slay-4 SInv}
  2518 | D:4      | Acquired the +2 helmet of Midnight {*Slow rCorr Slay-4
                  | SInv}
  2520 | D:4      | 2520 ||| UPGRADING to +2 helmet of Midnight {*Slow rCorr
                  | Slay-4 SInv}.
  2717 | D:4      | 2717 ||| READING 3 scrolls labelled ANTOOS OHAEHEX.
  2718 | D:4      | 2718 ||| READING scroll labelled ZAKHLA NUMIS.
  2719 | D:4      | 2719 ||| DRINKING 2 purple potions.
  2720 | D:4      | 2720 ||| DROPPING 2 scrolls of noise.
  2771 | D:5      | Entered Level 5 of the Dungeon
  2796 | D:5      | Noticed Grinder
  2809 | D:5      | Paralysed by Grinder for 3 turns
  2819 | D:5      | Killed Grinder
  2820 | D:5      | Reached XP level 8. HP: 25/50 MP: 2/8
  2920 | D:5      | 2920 ||| Stepping ~*~*~tactically~*~*~ (outnumbered).
  2922 | D:5      | 2922 ||| Stepping ~*~*~tactically~*~*~ (outnumbered).
  3073 | D:5      | Noticed a troll
  3074 | D:5      | 3074 ||| RETREATING.
  3075 | D:5      | 3075 ||| Stepping ~*~*~tactically~*~*~ (retreating).
  3079 | D:5      | HP: 10/50 [troll (5)]
  3080 | D:5      | 3080 ||| READING scroll of teleportation.
  3081 | D:5      | 3081 ||| DRINKING potion of heal wounds.
  3217 | D:5      | Killed a troll
  3312 | D:5      | 3312 ||| Stepping ~*~*~tactically~*~*~ (retreating).
  3313 | D:5      | 3313 ||| Stepping ~*~*~tactically~*~*~ (retreating).
  3314 | D:5      | 3314 ||| Stepping ~*~*~tactically~*~*~ (retreating).
  3318 | D:5      | Reached skill level 9 in Ranged Weapons
  3322 | D:5      | Reached skill level 6 in Fighting
  3409 | D:5      | Reached skill level 10 in Ranged Weapons
  3410 | D:5      | Reached XP level 9. HP: 44/55 MP: 3/9
  3557 | D:5      | Reached skill level 3 in Dodging
  3622 | D:5      | Found an iron altar of Okawaru.
  3623 | D:5      | 3623 ||| PLANNING OKAWARU WORSHIP
  3624 | D:5      | 3624 ||| UPGRADING to +0 troll leather armour.
  3634 | D:5      | 3634 ||| DROPPING +0 ring mail.
  3635 | D:5      | 3635 ||| DROPPING ring of flight.
  3636 | D:5      | 3636 ||| READING scroll labelled CAXZYI SUSALUT.
  3637 | D:5      | 3637 ||| READING scroll labelled HOYHES GIYWN.
  3638 | D:5      | 3638 ||| DRINKING 4 cyan potions.
  3639 | D:5      | 3639 ||| DROPPING 3 potions of magic.
  3645 | D:5      | Became a worshipper of Warmaster Okawaru
  3646 | D:5      | 3646 ||| PLANNING D:1-11
  3897 | D:5      | 3897 ||| SWAPPING to +0 orcbow.
  4072 | D:6      | Noticed Menkaure
  4073 | D:6      | 4073 ||| STAIRDANCE
  4095 | D:6      | 4095 ||| STAIRDANCE
  4107 | D:6      | 4107 ||| STAIRDANCE
  4120 | D:6      | 4120 ||| STAIRDANCE
  4128 | D:6      | 4128 ||| STAIRDANCE
  4141 | D:6      | 4141 ||| STAIRDANCE
  4149 | D:5      | Killed Menkaure
  4162 | D:6      | 4162 ||| Stepping ~*~*~tactically~*~*~ (outnumbered).
  4197 | D:6      | 4197 ||| RETREATING.
  4204 | D:6      | 4204 ||| Stepping ~*~*~tactically~*~*~ (retreating).
  4218 | D:6      | 4218 ||| Stepping ~*~*~tactically~*~*~ (retreating).
  4237 | D:6      | 4237 ||| FLEEEEING.
  4239 | D:6      | 4239 ||| STAIRDANCE
  4255 | D:6      | 4255 ||| RETREATING.
  4260 | D:6      | 4260 ||| Stepping ~*~*~tactically~*~*~ (retreating).
  4261 | D:6      | 4261 ||| STAIRDANCE
  4265 | D:5      | Reached * piety under Okawaru
  4285 | D:6      | 4285 ||| STAIRDANCE
  4298 | D:5      | 4298 ||| INVOKING Heroism.
  4301 | D:5      | HP: 10/57 [wight/+4 long sword (11)]
  4302 | D:5      | 4302 ||| DRINKING potion of heal wounds.
  4345 | D:6      | 4345 ||| STAIRDANCE
  4355 | D:6      | 4355 ||| STAIRDANCE
  4370 | D:6      | 4370 ||| STAIRDANCE
  4387 | D:6      | 4387 ||| STAIRDANCE
  4530 | D:6      | 4530 ||| STAIRDANCE
  4545 | D:6      | Reached skill level 1 in Invocations
  4552 | D:6      | 4552 ||| Stepping ~*~*~tactically~*~*~ (retreating).
  4553 | D:6      | 4553 ||| Stepping ~*~*~tactically~*~*~ (retreating).
  4554 | D:6      | 4554 ||| Stepping ~*~*~tactically~*~*~ (retreating).
  4555 | D:6      | 4555 ||| Stepping ~*~*~tactically~*~*~ (retreating).
  4559 | D:6      | 4559 ||| Stepping ~*~*~tactically~*~*~ (retreating).
  4560 | D:6      | 4560 ||| STAIRDANCE
  4583 | D:6      | 4583 ||| INVOKING Heroism.
  4593 | D:6      | Reached skill level 11 in Ranged Weapons
  4602 | D:6      | Reached skill level 3 in Invocations
  4602 | D:6      | 4602 ||| STAIRDANCE
  4640 | D:6      | 4640 ||| Stepping ~*~*~tactically~*~*~ (outnumbered).
  4641 | D:6      | 4641 ||| Stepping ~*~*~tactically~*~*~ (outnumbered).
  4642 | D:6      | 4642 ||| Stepping ~*~*~tactically~*~*~ (outnumbered).
  4649 | D:6      | 4649 ||| INVOKING Heroism.
  4691 | D:6      | Noticed an unseen horror
  4708 | D:6      | 4708 ||| INVOKING Heroism.
  4711 | D:6      | Killed an unseen horror
  4712 | D:6      | Reached XP level 10. HP: 47/64 MP: 9/13
  4835 | D:6      | Noticed Sigmund
  4840 | D:6      | Killed Sigmund
  4892 | D:6      | Found a staircase to the Ecumenical Temple.
  4901 | D:6      | 4901 ||| READING scroll labelled PUGIEG ZOGHABB.
  4902 | D:6      | 4902 ||| READING 3 scrolls of identify.
  4902 | D:6      | 4902 ||| IDENTIFYING viscous white potion
  4903 | D:6      | 4903 ||| READING 2 scrolls of identify.
  4903 | D:6      | 4903 ||| IDENTIFYING dark potion
  4945 | D:6      | 4945 ||| Stepping ~*~*~tactically~*~*~ (retreating).
  4955 | D:6      | 4955 ||| DRINKING potion of curing.
  4955 | D:6      | 4955 ||| (to cure confusion)
  5209 | D:7      | 5209 ||| Stepping ~*~*~tactically~*~*~ (outnumbered).
  5213 | D:7      | 5213 ||| Stepping ~*~*~tactically~*~*~ (outnumbered).
  5214 | D:7      | 5214 ||| Stepping ~*~*~tactically~*~*~ (outnumbered).
  5307 | D:7      | 5307 ||| INVOKING Heroism.
  5323 | D:7      | Reached skill level 12 in Ranged Weapons
  5363 | D:7      | Reached ** piety under Okawaru
  5367 | D:7      | 5367 ||| Stepping ~*~*~tactically~*~*~ (outnumbered).
  5420 | D:7      | 5420 ||| INVOKING Heroism.
  5421 | D:7      | 5421 ||| Stepping ~*~*~tactically~*~*~ (retreating).
  5422 | D:7      | 5422 ||| Stepping ~*~*~tactically~*~*~ (retreating).
  5423 | D:7      | 5423 ||| Stepping ~*~*~tactically~*~*~ (retreating).
  5424 | D:7      | 5424 ||| Stepping ~*~*~tactically~*~*~ (retreating).
  5425 | D:7      | 5425 ||| Stepping ~*~*~tactically~*~*~ (retreating).
  5426 | D:7      | 5426 ||| Stepping ~*~*~tactically~*~*~ (retreating).
  5427 | D:7      | 5427 ||| Stepping ~*~*~tactically~*~*~ (retreating).
  5437 | D:7      | 5437 ||| Stepping ~*~*~tactically~*~*~ (retreating).
  5438 | D:7      | 5438 ||| Stepping ~*~*~tactically~*~*~ (retreating).
  5549 | D:7      | Found a runed translucent door.
  5550 | D:7      | Noticed Crazy Yiuf
  5736 | D:7      | 5736 ||| READING scroll labelled BUCAMO SESETT.
  5737 | D:7      | 5737 ||| READING scroll labelled ALEPNIODEKK.
  5738 | D:7      | 5738 ||| READING 3 scrolls of identify.
  5738 | D:7      | 5738 ||| IDENTIFYING fizzy golden potion
  5739 | D:7      | 5739 ||| READING 2 scrolls of identify.
  5739 | D:7      | 5739 ||| IDENTIFYING black potion
  5740 | D:7      | 5740 ||| DROPPING potion of brilliance.
  5741 | D:7      | 5741 ||| DROPPING potion of lignification.
  5849 | D:8      | 5849 ||| INVOKING Heroism.
  5855 | D:8      | 5855 ||| Stepping ~*~*~tactically~*~*~ (outnumbered).
  5881 | D:8      | Noticed a two-headed ogre
  5885 | D:8      | 5885 ||| INVOKING Heroism.
  5896 | D:8      | Killed a two-headed ogre
  6019 | D:8      | 6019 ||| Stepping ~*~*~tactically~*~*~ (water).
  6025 | D:8      | 6025 ||| Stepping ~*~*~tactically~*~*~ (water).
  6111 | D:8      | 6111 ||| INVOKING Heroism.
  6163 | D:8      | Found a blossoming altar of Fedhas.
  6165 | D:8      | Found a radiant altar of Vehumet.
  6169 | D:8      | Found a broken altar of Ashenzari.
  6172 | D:8      | Found a snail-covered altar of Cheibriados.
  6172 | D:8      | Found a stormy altar of Qazlal.
  6176 | D:8      | Found a white marble altar of Elyvilon.
  6179 | D:8      | Found an opulent altar of Gozag.
  6254 | D:8      | Found a flagged portal.
  6333 | D:8      | Reached skill level 13 in Ranged Weapons
  6370 | D:8      | Noticed Erica
  6371 | D:8      | 6371 ||| INVOKING Heroism.
  6374 | D:8      | 6374 ||| DRINKING 2 potions of curing.
  6374 | D:8      | 6374 ||| (to cure confusion)
  6385 | D:8      | Killed Erica
  6386 | D:8      | Reached skill level 9 in Fighting
  6386 | D:8      | Reached XP level 11. HP: 44/71 MP: 12/14
  6681 | D:8      | 6681 ||| READING scroll labelled WAEFYADAUG.
  6682 | D:8      | 6682 ||| READING 2 scrolls of identify.
  6682 | D:8      | 6682 ||| IDENTIFYING bubbling pink potion
  6683 | D:8      | 6683 ||| DROPPING potion of attraction.
  6779 | D:9      | Noticed a deep elf pyromancer
  6800 | D:9      | Killed a deep elf pyromancer
  6800 | D:9      | Reached *** piety under Okawaru
  6802 | D:9      | 6802 ||| FLEEEEING.
  6803 | D:9      | 6803 ||| FLEEEEING.
  6804 | D:9      | 6804 ||| FLEEEEING.
  6807 | D:9      | 6807 ||| INVOKING Heroism.
  6894 | D:9      | 6894 ||| Stepping ~*~*~tactically~*~*~ (outnumbered).
  6895 | D:9      | 6895 ||| INVOKING Heroism.
  6910 | D:9      | 6910 ||| Stepping ~*~*~tactically~*~*~ (retreating).
  6911 | D:9      | 6911 ||| Stepping ~*~*~tactically~*~*~ (retreating).
  6912 | D:9      | 6912 ||| Stepping ~*~*~tactically~*~*~ (retreating).
  6913 | D:9      | 6913 ||| Stepping ~*~*~tactically~*~*~ (retreating).
  6914 | D:9      | 6914 ||| Stepping ~*~*~tactically~*~*~ (retreating).
  6915 | D:9      | 6915 ||| Stepping ~*~*~tactically~*~*~ (retreating).
  6916 | D:9      | 6916 ||| Stepping ~*~*~tactically~*~*~ (retreating).
  6917 | D:9      | 6917 ||| Stepping ~*~*~tactically~*~*~ (retreating).
  6918 | D:9      | 6918 ||| Stepping ~*~*~tactically~*~*~ (retreating).
  6919 | D:9      | 6919 ||| Stepping ~*~*~tactically~*~*~ (retreating).
  6920 | D:9      | 6920 ||| Stepping ~*~*~tactically~*~*~ (retreating).
  6921 | D:9      | 6921 ||| RETREATING.
  6924 | D:9      | 6924 ||| Stepping ~*~*~tactically~*~*~ (retreating).
  6926 | D:9      | 6926 ||| INVOKING Heroism.
  6945 | D:9      | HP: 16/71 [troll (13)]
  6946 | D:9      | 6946 ||| READING scroll of teleportation.
  6946 | D:9      | HP: 7/71 [troll (8)]
  6947 | D:9      | 6947 ||| DRINKING 4 potions of heal wounds.
  6951 | D:9      | 6951 ||| FLEEEEING.
  6953 | D:9      | 6953 ||| INVOKING Heroism.
  6956 | D:9      | 6956 ||| Stepping ~*~*~tactically~*~*~ (retreating).
  6957 | D:9      | 6957 ||| Stepping ~*~*~tactically~*~*~ (retreating).
  6958 | D:9      | 6958 ||| Stepping ~*~*~tactically~*~*~ (retreating).
  6959 | D:9      | 6959 ||| Stepping ~*~*~tactically~*~*~ (retreating).
  6981 | D:9      | 6981 ||| INVOKING Heroism.
  6983 | D:9      | Reached skill level 14 in Ranged Weapons
  6991 | D:9      | HP: 11/71 [yak (9)]
  6992 | D:9      | 6992 ||| DRINKING 3 potions of heal wounds.
  7062 | D:9      | 7062 ||| INVOKING Heroism.
  7065 | D:9      | 7065 ||| Stepping ~*~*~tactically~*~*~ (outnumbered).
  7071 | D:9      | 7071 ||| Stepping ~*~*~tactically~*~*~ (outnumbered).
  7072 | D:9      | 7072 ||| DRINKING potion of curing.
  7072 | D:9      | 7072 ||| (to cure confusion)
  7076 | D:9      | 7076 ||| Stepping ~*~*~tactically~*~*~ (outnumbered).
  7197 | D:9      | 7197 ||| INVOKING Heroism.
  7213 | D:9      | HP: 12/72 [vampire (8)]
  7214 | D:9      | 7214 ||| DRINKING 2 potions of heal wounds.
  7225 | D:9      | HP: 15/72 [vampire (11)]
  7226 | D:9      | 7226 ||| DRINKING potion of heal wounds.
  7235 | D:9      | 7235 ||| INVOKING Heroism.
  7504 | D:9      | 7504 ||| Stepping ~*~*~tactically~*~*~ (outnumbered).
  7505 | D:9      | 7505 ||| Stepping ~*~*~tactically~*~*~ (outnumbered).
  7649 | D:9      | 7649 ||| UPGRADING to +0 pair of boots.
  7654 | D:9      | 7654 ||| DROPPING scarf of shadows.
  7655 | D:9      | 7655 ||| READING scroll labelled WIXTINN LIBO.
  7762 | D:10     | Entered Level 10 of the Dungeon
  7778 | D:10     | 7778 ||| READING scroll of enchant weapon.
  7778 | D:10     | 7778 ||| ENCHANTING +1 orcbow of flaming.
  7844 | D:10     | 7844 ||| INVOKING Heroism.
  7960 | D:10     | 7960 ||| Stepping ~*~*~tactically~*~*~ (outnumbered).
  8170 | D:10     | 8170 ||| RETREATING.
  8173 | D:10     | 8173 ||| Stepping ~*~*~tactically~*~*~ (retreating).
  8174 | D:10     | 8174 ||| Stepping ~*~*~tactically~*~*~ (retreating).
  8460 | D:10     | 8460 ||| DROPPING ring of wizardry.
  8461 | D:10     | 8461 ||| READING 2 scrolls of identify.
  8461 | D:10     | 8461 ||| IDENTIFYING metallic white potion
  8534 | D:11     | Found Zuah's Tiny Tomes.
  8595 | D:11     | 8595 ||| INVOKING Heroism.
  8654 | D:11     | 8654 ||| FLEEEEING.
  8665 | D:11     | Found a staircase to the Lair.
  8720 | D:11     | Reached **** piety under Okawaru
  8724 | D:11     | Noticed a two-headed ogre
  8725 | D:11     | 8725 ||| INVOKING Heroism.
  8734 | D:11     | Killed a two-headed ogre
  8735 | D:11     | Reached skill level 15 in Ranged Weapons
  8914 | D:11     | Found Reijasog's Book Shoppe.
  8960 | D:11     | Noticed a two-headed ogre
  8961 | D:11     | 8961 ||| INVOKING Heroism.
  8962 | D:11     | 8962 ||| RETREATING.
  8972 | D:11     | Killed a two-headed ogre
  9057 | D:11     | 9057 ||| Stepping ~*~*~tactically~*~*~ (outnumbered).
  9059 | D:11     | 9059 ||| Stepping ~*~*~tactically~*~*~ (outnumbered).
  9065 | D:11     | 9065 ||| INVOKING Heroism.
  9099 | D:11     | Found a staircase to the Orcish Mines.
  9100 | D:11     | 9100 ||| Stepping ~*~*~tactically~*~*~ (retreating).
  9101 | D:11     | 9101 ||| Stepping ~*~*~tactically~*~*~ (retreating).
  9102 | D:11     | 9102 ||| INVOKING Heroism.
  9103 | D:11     | 9103 ||| Stepping ~*~*~tactically~*~*~ (retreating).
  9106 | D:11     | Reached XP level 12. HP: 77/77 MP: 12/15
  9155 | D:11     | 9155 ||| INVOKING Heroism.
  9324 | D:11     | 9324 ||| INVOKING Heroism.
  9359 | D:11     | 9359 ||| FLEEEEING.
  9360 | D:11     | 9360 ||| INVOKING Heroism.
  9364 | D:11     | HP: 16/77 [polar bear (13)]
  9367 | D:11     | HP: 7/77 [polar bear (11)]
  9367 | D:11     | HP: 3/77 [polar bear (4)]
  9371 | D:11     | Mangled by a polar bear

Levels and vault maps discovered:
D:1:      psy_arrival_spokes, layout_basic
D:2:      layout_basic
D:3:      layout_rooms, chequers_ecumenical_altar_island, grunt_ministairs_11,
          grunt_decor_fettered
D:4:      kennysheep_the_goblin_king, layout_layer_cave, uniq_edmund
D:5:      minmay_diamond_boxcup, layout_loops_ring, lemuel_round_altar,
          uniq_ijyb, uniq_grinder
D:6:      layout_cave_pools, minmay_temple_entry_slanted,
          minmay_a_box_with_orc_wizards_in_it, uniq_sigmund, uniq_menkaure
D:7:      layout_rooms, dk_vineyard_3, uniq_crazy_yiuf_cottage
D:8:      layout_loops_ring, nicolae_overflow_hallway_of_the_gods,
          enter_bailey_5, chequers_big_river, uniq_erica
D:9:      layout_cave_pools, nicolae_figureground_pulse
D:10:     layout_irregular_city, hangedman_glass_teeth
D:11:     dreamdust_isle_of_ice, layout_rooms, david_lair_generic,
          kennysheep_orc_monster_closet_entryway, serial_shops, shop,
          nicolae_shop_i_like_small_books_too

Skill      XL: |  1  2  3  4  5  6  7  8  9 10 11 12 |
---------------+-------------------------------------+-----
Ranged Weapons | 5 6 8 10 11 13 15 | 15.9
Fighting       | 3 4 5 6 8 9 10 | 10.0
Dodging        | 2 3 4 5 |  5.0
Armour         | 3 |  3.0
Invocations    | 4 5 |  5.5
Stealth        | |  1.1

Action                     |  1- 3 |  4- 6 |  7- 9 | 10-12 || total
---------------------------+-------+-------+-------+-------++-------
   Fire: Shortbow          |    82 |     2 |       |       ||    84
         Orcbow            |       |   105 |   422 |   915 ||  1442
 Invoke: Heroism           |       |       |     4 |    23 ||    27
    Use: Scroll            |     1 |     3 |     6 |    13 ||    23
         Potion            |       |     2 |     4 |     7 ||    13
 Armour: Leather armour    |     4 |       |       |       ||     4
         Ring mail         |       |    10 |   104 |       ||   114
         Troll leather arm |       |       |   164 |   495 ||   659
  Dodge: Dodged            |     8 |    10 |   224 |   478 ||   720

Table legend:
 A = Non-vault XP
 B = Vault XP
 C = Vault XP percentage of total XP
 D = Non-vault monster count
 E = Vault monster count
 F = Vault count percentage of total count
                 A         B        C        D         E       F
            +---------+---------+-------+---------+---------+-------
      Total |   14539 |    7775 |  34.8 |     274 |      68 |  19.9
            +---------+---------+-------+---------+---------+-------
        D:1 |      47 |       0 |   0.0 |      19 |       0 |   0.0
        D:2 |      43 |       0 |   0.0 |      13 |       0 |   0.0
        D:3 |     195 |      42 |  17.7 |      30 |       4 |  11.8
        D:4 |     505 |     213 |  29.7 |      33 |       8 |  19.5
        D:5 |    1236 |    1255 |  50.4 |      28 |      12 |  30.0
        D:6 |    1672 |     377 |  18.4 |      23 |       6 |  20.7
        D:7 |    1243 |       0 |   0.0 |      33 |       0 |   0.0
        D:8 |    1677 |     852 |  33.7 |      23 |       5 |  17.9
        D:9 |    3997 |       0 |   0.0 |      44 |       0 |   0.0
       D:10 |    1452 |       0 |   0.0 |      15 |       0 |   0.0
       D:11 |    2472 |    5036 |  67.1 |      13 |      33 |  71.7
            +---------+---------+-------+---------+---------+-------
